 Dungeon Crawl Stone Soup version 0.26.1-2-gb8aa6d0cf2 (webtiles) character file.

Game seed: 13353120374693576681

9774 Cykl0x the Carver (level 11, -14/94 HPs)
             Began as a Minotaur Fighter on Mar 15, 2021.
             Was a Priest of the Shining One.
             Demolished by a freezing wraith (21 damage)
             ... led by a death knight
             ... on level 11 of the Dungeon.
             The game lasted 00:17:06 (9739 turns).

Cykl0x the Carver (Minotaur Fighter)                Turns: 9739, Time: 00:17:07

Health: -14/94     AC: 14    Str: 28    XL:     11   Next: 27%
Magic:  14/14      EV: 14    Int:  5    God:    the Shining One [***...]
Gold:   65         SH: 12    Dex: 10    Spells: 10/10 levels left

rFire    . . .     SeeInvis .   q - +2 double sword "Omucs" {flame, rPois Str+4}
rCold    . . .     Faith    .   c - +1 kite shield
rNeg     + . .     Spirit   .   v - +4 ring mail of Xugade {Will+ Slay+6}
rPois    +         Reflect  .   (helmet restricted)
rElec    .         Harm     .   N - scarf {repulsion}
rCorr    +         Rampage  .   (no gloves)
Will     .....                  K - +2 pair of boots
Stlth    ..........             (no amulet)
HPRegen  0.25/turn              o - +4 ring of slaying
MPRegen  0.14/turn              u - ring of resist corrosion

@: weak-willed, slowed, glowing, studying Dodging, repel missiles, very slow
A: retaliatory headbutt, horns 2
a: Renounce Religion, Divine Shield


You were on level 11 of the Dungeon.
You worshipped the Shining One.
The Shining One was most pleased with you.
You visited 2 branches of the dungeon, and saw 12 of its levels.
You also visited: Sewer.

You collected 764 gold pieces.
You spent 699 gold pieces at shops.

Inventory:

Hand Weapons
 a - a +1 long sword
 q - the +2 double sword "Omucs" (weapon) {flame, rPois Str+4}
   (You acquired it on level 9 of the Dungeon)

   It has been specially enchanted to burn those struck by it, causing extra
   injury to most foes and up to half again as much damage against particularly
   susceptible opponents.
   Big, fiery blades are also staple armaments of hydra-hunters.
   It affects your strength (+4).
   It protects you from poison.
Missiles
 h - 308 stones (quivered)
 i - 30 poisoned darts
 s - 7 javelins
 M - 2 boomerangs
Armour
 c - a +1 kite shield (worn)
 v - the +4 ring mail of Xugade (worn) {Will+ Slay+6}
   (You found it on level 5 of the Dungeon)

   It affects your accuracy and damage with ranged weapons and melee attacks
   (+6).
   It affects your willpower, your defense against some magical effects.
 I - the +4 scale mail "Gits" {rN+ Str+2 Dex+2 SInv}
   (You found it on level 8 of the Dungeon)

   It affects your strength (+2).
   It affects your dexterity (+2).
   It protects you from negative energy.
   It lets you see invisible.
 K - a +2 pair of boots (worn)
 N - a scarf of repulsion (worn)
Jewellery
 o - a +4 ring of slaying (left hand)
 u - a ring of resist corrosion (right hand)
 C - an uncursed ring of flight
 L - an uncursed ring of fire
Wands
 m - a wand of digging (5)
 F - a wand of paralysis (6)
 G - a wand of acid (18)
 H - a wand of enslavement (4)
Scrolls
 b - 4 scrolls of identify
 f - 8 scrolls of teleportation
 g - 7 scrolls of remove curse
 w - a scroll of vulnerability {unknown}
 x - a scroll of blinking
 y - 3 scrolls of fog
 D - 2 scrolls of immolation
 E - a scroll of fear
 O - a scroll of enchant weapon
Potions
 d - 4 potions of might
 e - 7 potions of curing
 j - 3 potions of brilliance
 k - a potion of magic
 l - 4 potions of mutation
 n - 2 potions of berserk rage
 p - 3 potions of ambrosia
 r - a potion of heal wounds
 z - 4 potions of haste
 A - a potion of resistance
 B - a potion of lignification
 J - a potion of flight
Books
 t - a manual of Dodging


   Skills:
 + Level 7.8 Fighting
 + Level 11.7 Long Blades
 + Level 5.1 Throwing
 + Level 7.3 Armour
 * Level 10.2 Dodging
 + Level 8.1 Shields
 * Level 6.6 Invocations


You had 10 spell levels left.
You didn't know any spells.
Your spell library contained the following spells:

 Spells                   Type           Power        Failure   Level
 Confusing Touch          Hex            0%           99%         3
 Gell's Gravitas          Tloc           0%           99%         3
 Petrify                  Tmut/Erth      0%           100%        4
 Metabolic Englaciation   Hex/Ice        0%           100%        5
 Yara's Violent Unravell  Hex/Tmut       0%           100%        5


Dungeon Overview and Level Annotations

Branches:
Dungeon (11/15)            Temple (1/1) D:7            Lair (0/6) D:9
  Sewer (visited)
    Orc: D:9-12

Altars:
Ashenzari
Cheibriados
Dithmenos
Elyvilon
Fedhas
Gozag
Hepliaklqana
Kikubaaqudgha
Makhleb
Nemelex Xobeh
Okawaru
Qazlal
Ru
Sif Muna
Trog
Uskayaw
Vehumet
Wu Jian
Xom
Yredelemnul
Zin
The Shining One

Shops:
D:5 }   D:9 ?   D:11 !


Innate Abilities, Weirdness & Mutations

You reflexively headbutt those who attack you in melee.
You have a pair of horns on your head.


Message History

You feel as though you will be slow longer.
You hit the freezing wraith. You burn the freezing wraith.
The freezing wraith is lightly damaged.
You block the freezing wraith's attack. The freezing wraith barely misses you.
You barely miss the freezing wraith.
Your headbutt misses the freezing wraith.
The freezing wraith is lightly damaged.
The freezing wraith hits you.
* * * LOW HITPOINT WARNING * * *
The freezing wraith freezes you!
* * * LOW HITPOINT WARNING * * *
You block the freezing wraith's attack.
You slash the freezing wraith! You burn the freezing wraith.
You headbutt the freezing wraith, but do no damage.
The freezing wraith is moderately damaged.
The freezing wraith hits you but does no damage.
You block the freezing wraith's attack. The freezing wraith hits you.
* * * LOW HITPOINT WARNING * * *
The freezing wraith freezes you!!
You die...

###########.##..#########'####...
#.....#.##..#.........#######
#.....#.....#.........#......
#.....#.....#.........#......
#.....#.....#..######.#......
#.###.#.....#..######.#......
#.###.#.....#.........#......
#####.....####'##WW.......#######
................@#'###'######## #
......###........#.)..........##.
###..............#............##.
.................#............##.
.................#...^....######.
..........########........# #.
..........#...............# #.
..........'...............# #.
..........#'######.....(### #.


You could see a freezing wraith and a wraith.

Vanquished Creatures
  Harold (D:9)
  A two-headed ogre (D:11)
  A death knight (D:11)
  An unseen horror (D:10)
  Pikel (D:8)
  A phantasmal warrior (D:11)
  An ice statue (D:10)
  An elephant (D:9)
  A centaur zombie (D:10)
  A spriggan (D:7)
  A basilisk (D:9)
  3 wyverns
  An orc warrior (D:10)
  4 sky beasts
  3 black bears
  2 ice beasts
  An eye of draining (D:11)
  6 ogres
  A necrophage (D:7)
  2 phantoms
  4 centaurs
  3 big kobolds
  3 lemures (D:8)
  6 bullfrogs
  5 scorpions
  2 howler monkeys
  9 wights
  A quasit (D:6)
  A bullfrog skeleton (D:7)
  8 hounds
  4 centaur skeletons
  2 orc priests
  A jelly (D:9)
  Jessica (D:3)
  5 iguanas
  2 orc wizards
  5 worker ants
  A hound zombie (D:9)
  A worker ant zombie (D:5)
  7 gnolls
  24 adders
  2 river rats (Sewer)
  A shadow imp (D:5)
  2 white imps
  2 ufetubi
  3 worms
  A dart slug (D:1)
  6 leopard geckos
  28 orcs
  5 giant cockroaches
  7 goblins
  3 hobgoblins
  7 jackals
  8 quokkas
  6 ball pythons
  5 bats
  13 frilled lizards
  25 kobolds
  14 rats
267 creatures vanquished.

Notes
Turn   | Place    | Note
-------+----------+-------------------------------------------
     0 | D:1      | Cykl0x the Minotaur Fighter began the quest for the Orb.
     0 | D:1      | Reached XP level 1. HP: 19/19 MP: 0/0
   367 | D:1      | Reached XP level 2. HP: 27/27 MP: 1/1
   927 | D:2      | Reached XP level 3. HP: 30/33 MP: 2/2
  1187 | D:2      | Reached skill level 1 in Dodging
  1630 | D:3      | Reached skill level 3 in Long Blades
  1636 | D:3      | Noticed Jessica
  1642 | D:3      | Killed Jessica
  1643 | D:3      | Reached XP level 4. HP: 38/40 MP: 3/3
  1775 | D:3      | Found a sparkling altar of Nemelex Xobeh.
  1777 | D:3      | Found a sacrificial altar of Ru.
  1896 | D:3      | Reached skill level 1 in Throwing
  1896 | D:3      | Reached XP level 5. HP: 46/46 MP: 4/4
  2113 | D:3      | Found a bloodstained altar of Trog.
  2207 | D:4      | Reached skill level 4 in Long Blades
  2322 | D:4      | Found a white marble altar of Elyvilon.
  2353 | D:4      | Reached XP level 6. HP: 53/53 MP: 5/5
  2668 | D:4      | Reached skill level 5 in Shields
  2703 | D:4      | Reached skill level 5 in Armour
  3128 | D:4      | Became a worshipper of Elyvilon the Healer
  3146 | D:5      | Entered Level 5 of the Dungeon
  3233 | D:5      | Got a transparent ring mail
  3243 | D:5      | Identified the +4 ring mail of Xugade {Will+ Slay+6} (You
                  | found it on level 5 of the Dungeon)
  3305 | D:5      | Reached XP level 7. HP: 60/60 MP: 6/6
  3383 | D:5      | Reached * piety under Elyvilon
  3581 | D:5      | Reached skill level 1 in Invocations
  3616 | D:5      | Reached skill level 5 in Long Blades
  3864 | D:5      | Found Gucuwepo's Gadget Boutique.
  4188 | D:6      | Found an iron altar of Okawaru.
  4214 | D:6      | Reached skill level 5 in Fighting
  4254 | D:6      | Reached XP level 8. HP: 34/68 MP: 8/8
  4270 | D:6      | Found a glowing drain.
  4304 | Sewer    | Entered a sewer
  4469 | Sewer    | Reached ** piety under Elyvilon
  4834 | D:6      | Reached skill level 5 in Dodging
  4903 | D:6      | Reached skill level 6 in Long Blades
  5177 | D:6      | Reached *** piety under Elyvilon
  5543 | D:7      | Reached skill level 7 in Long Blades
  5864 | D:7      | Found a staircase to the Ecumenical Temple.
  5870 | Temple   | Entered the Ecumenical Temple
  6060 | Temple   | Fell from the grace of Elyvilon
  6060 | Temple   | Became a worshipper of the Shining One
  6060 | Temple   | Reached * piety under the Shining One
  6171 | D:7      | Reached XP level 9. HP: 65/75 MP: 10/10
  6397 | D:7      | Found a radiant altar of Vehumet.
  6502 | D:7      | Reached skill level 8 in Long Blades
  6708 | D:8      | Noticed Pikel
  6719 | D:8      | Killed Pikel
  6806 | D:8      | Found a shadowy altar of Dithmenos.
  7006 | D:8      | Found a glowing silver altar of Zin.
  7006 | D:8      | Found an ancient bone altar of Kikubaaqudgha.
  7101 | D:8      | Got a smoking scale mail
  7111 | D:8      | Identified the +4 scale mail "Gits" {rN+ Str+2 Dex+2 SInv}
                  | (You found it on level 8 of the Dungeon)
  7190 | D:9      | Found Tofiyfeq's Magic Scroll Shop.
  7270 | D:9      | Reached skill level 9 in Long Blades
  7287 | D:9      | Noticed an elephant
  7298 | D:9      | Killed an elephant
  7299 | D:9      | Reached skill level 5 in Invocations
  7299 | D:9      | Reached XP level 10. HP: 48/84 MP: 12/12
  7535 | D:9      | Reached ** piety under the Shining One
  7538 | D:9      | Noticed Harold
  7553 | D:9      | Killed Harold
  7717 | D:9      | Found a staircase to the Lair.
  7754 | D:9      | Reached skill level 10 in Long Blades
  8217 | D:10     | Entered Level 10 of the Dungeon
  8280 | D:10     | Noticed an unseen horror
  8284 | D:10     | Killed an unseen horror
  8323 | D:10     | Noticed an ice statue
  8348 | D:10     | Killed an ice statue
  8584 | D:10     | Found a hide-covered altar of Uskayaw.
  8896 | D:10     | Reached skill level 5 in Throwing
  9031 | D:9      | Bought a scroll of acquirement for 624 gold pieces
  9031 | D:9      | Acquired the +2 double sword "Omucs" {flame, rPois Str+4}
  9073 | D:11     | Reached skill level 11 in Long Blades
  9094 | D:11     | Noticed a two-headed ogre
  9100 | D:11     | Killed a two-headed ogre
  9101 | D:11     | Reached XP level 11. HP: 90/92 MP: 14/14
  9192 | D:11     | Found Himi's Distillery.
  9202 | D:11     | Reached skill level 10 in Dodging
  9206 | D:11     | Bought a potion of heal wounds for 75 gold pieces
  9284 | D:11     | Reached *** piety under the Shining One
  9721 | D:11     | Noticed a phantasmal warrior
  9722 | D:11     | Noticed a death knight
  9724 | D:11     | Killed a phantasmal warrior
  9730 | D:11     | Killed a death knight
  9739 | D:11     | Demolished by a freezing wraith

Illustrated notes

Levels and vault maps discovered:
D:1:      dpeg_arrival_boxorama, layout_rooms
D:2:      layout_basic
D:3:      layout_basic, nicolae_overflow_hidden_temple, uniq_jessica
D:4:      layout_rooms, general_overflow_altar, dk_vineyard_3, st_stairs_2,
          minmay_manual_monstrance
D:5:      layout_cave_pods, serial_shops, nicolae_shop_trees
D:6:      layout_gridville, okawaru_ov_weapons_minmay, gup_sewer_entry_glass,
          serial_glass, glass_columns_a, glass_columns_a
D:7:      layout_rooms, kennysheep_mini, minmay_temple_entry_fiery, the_bakery
D:8:      layout_rooms, nicolae_dithmenos_through_a_glass_darkly,
          amethyst_overflow_temple_binary, uniq_pikel
D:9:      layout_irregular_city, david_lair_generic, serial_shops, shop,
          uniq_harold
D:10:     layout_basic, basic_altar, minivault_16
D:11:     layout_stronghold, serial_shops, shop, minmay_misc_feat_encased,
          uniq_josephine
Temple:   nicolae_temple_figure_eight

Skill      XL: |  1  2  3  4  5  6  7  8  9 10 11 |
---------------+----------------------------------+-----
Armour         | 4 5 6 7 |  7.3
Shields        | 4 5 6 7 8 |  8.1
Fighting       | 4 5 6 7 |  7.8
Dodging        | 1 2 3 4 6 8 9 10 | 10.2
Long Blades    | 3 4 5 7 9 11 | 11.7
Throwing       | 1 2 3 4 5 |  5.1
Invocations    | 2 3 5 6 |  6.6

Action                   |  1- 3 |  4- 6 |  7- 9 | 10-12 || total
-------------------------+-------+-------+-------+-------++-------
Melee: Long sword        |    81 |    76 |   175 |    78 ||   410
       Headbutt          |    14 |    23 |    29 |    23 ||    89
       Double sword      |       |       |       |    40 ||    40
Throw: Stone             |    33 |    59 |    91 |    39 ||   222
Invok: Divine Shield     |       |       |       |     1 ||     1
  Use: Scroll            |     7 |     7 |     3 |     9 ||    26
       Potion            |       |     1 |       |     1 ||     2
Armor: Scale mail        |    48 |    19 |       |       ||    67
       Ring mail         |       |       |    41 |    23 ||    64
Dodge: Dodged            |    23 |    22 |    68 |    46 ||   159
Block: Kite shield       |    44 |    39 |    91 |    55 ||   229
       Rpst.: Long sword |     5 |     3 |    13 |     9 ||    30
       Double sword      |       |       |       |     1 ||     1
